 Dungeon Crawl Stone Soup version 0.22-a0-283-g1871b15 (webtiles) character file.

21477 Amnesiac the Zephyrmancer (level 12, -5/71 HPs)
             Began as a Tengu Air Elementalist on Mar 20, 2018.
             Was a High Priest of Sif Muna.
             Engulfed by a cloud of flame (20 damage)
             ... in a volcano.
             The game lasted 00:28:23 (16043 turns).

Amnesiac the Zephyrmancer (Tengu Air Elementalist) Turns: 16043, Time: 00:28:24

Health: -5/71      AC:  5    Str: 11    XL:     12   Next: 90%
Magic:  0/38       EV: 21    Int: 21    God:    Sif Muna [*****.]
Gold:   879        SH:  0    Dex: 15    Spells: 13/36 levels left

rFire    . . .     SeeInvis .   s - staff of energy
rCold    + . .     Gourm    .   (no shield)
rNeg     . . .     Faith    .   y - +0 steam dragon scales
rPois    .         Spirit   +   (helmet restricted)
rElec    .         Reflect  .   j - scarf {Spirit}
rCorr    .         Harm     .   (no gloves)
MR       +....                  (boots unavailable)
Stlth    +.........             (no amulet)
HPRegen  0.21/turn              A - ring of protection from cold
MPRegen  0.26/turn              K - ring "Peecer" {MR+ MP+9 Str+3 Slay+2 Stlth-}

@: flying quickly and evasively, no casting, deflect missiles, quick
A: beak, talons 3, able to fly 1
a: Stop Divine Energy, Channel Magic, Forget Spell, Renounce Religion


You were in a volcano.
You worshipped Sif Muna.
Sif Muna was extremely pleased with you.
You were not hungry.

You visited 3 branches of the dungeon, and saw 14 of its levels.
You also visited: Ossuary and Volcano.

You collected 991 gold pieces.
You spent 112 gold pieces at shops.

Inventory:

Armour
 j - a scarf of spirit shield (worn)
 y - +0 steam dragon scales (worn)
Magical Staves
 s - an uncursed staff of energy (weapon)
Jewellery
 A - a ring of protection from cold (left hand)
 F - an uncursed ring of ice
 K - the ring "Peecer" (right hand) {MR+ MP+9 Str+3 Slay+2 Stlth-}
   (You found it on level 1 of the Lair of Beasts)

   [ring of magical power]

   It affects your strength (+3).
   It affects your accuracy and damage with ranged weapons and melee attacks
   (+2).
   It affects your resistance to hostile enchantments.
   It affects your magic capacity (+9).
   It makes you less stealthy.
Wands
 a - a wand of random effects (34)
 t - a wand of digging (12)
 w - a wand of acid (11)
 D - a wand of scattershot (4)
 E - a wand of iceblast (7)
Scrolls
 b - 2 scrolls of remove curse {!r}
 e - 2 scrolls of enchant armour {!r}
 i - 5 scrolls of enchant weapon {!r}
 k - 11 scrolls of teleportation {!r}
 m - a scroll of amnesia {!r}
 n - 3 scrolls of fog {!r}
 p - a scroll of identify {!r}
 u - 2 scrolls of fear {!r}
 C - a scroll of blinking {!r}
 G - a scroll of magic mapping {!r}
 I - a scroll of acquirement {!r, unknown}
Potions
 d - 2 potions of might {!q}
 f - 3 potions of flight {!q}
 g - a potion of agility {!q}
 h - 11 potions of curing {!q}
 l - a potion of resistance {!q}
 o - 3 potions of cancellation {!q}
 q - a potion of brilliance {!q}
 r - 3 potions of lignification {!q}
 x - 2 potions of mutation {!q}
 z - 2 potions of invisibility {!q}
 B - a potion of haste {!q}
 H - 2 potions of ambrosia {!q}
 J - a potion of berserk rage {!q}
 L - a potion of magic {!q}
Comestibles
 c - 23 rations


   Skills:
 + Level 6.9 Fighting
 + Level 8.0 Dodging
 - Level 2.0 Stealth
 - Level 12.5 Spellcasting
 - Level 1.3 Conjurations
 - Level 12.5 Air Magic
 - Level 8.0 Invocations


You had 13 spell levels left.
You knew the following spells:

 Your Spells              Type           Power        Failure   Level  Hunger
a - Airstrike             Air            ######....   1%          4    None
b - Deflect Missiles      Chrm/Air       #####.....   50%         6    None
c - Swiftness             Chrm/Air       #####...     1%          2    None
d - Lightning Bolt        Conj/Air       #####.....   8%          5    None
r - Regeneration          Chrm/Necr      ##........   16%         3    None
z - Ozocubu's Armour      Chrm/Ice       ##......     16%         3    None


Dungeon Overview and Level Annotations

Branches:
Dungeon (10/15)            Temple (1/1) D:4            Lair (3/6) D:10
    Orc (0/2) D:9
  Swamp: Lair:2-4    Shoals: Lair:2-4     Snake: Lair:2-4    Spider: Lair:2-4

Altars:
Ashenzari
Cheibriados
Dithmenos
Elyvilon
Fedhas
Gozag
Hepliaklqana
Qazlal
Ru
Sif Muna
Trog
Uskayaw
Vehumet
Wu Jian
Yredelemnul

Shops:
D:7 !


Innate Abilities, Weirdness & Mutations

You have a beak for a mouth.
You have claws for feet.
You can fly.


Message History

Press: ? - help, Shift-Dir - straight line, f - skeletal warrior
Aim: a skeletal warrior, wielding a halberd of flaming (black smoke, severely damaged)
You miscast Lightning Bolt.
Sif Muna protects you from the effects of your miscast!
Sif Muna grants you divine energy.
You briefly lose access to your magic!
You regain access to your magic.
Casting: Lightning Bolt (safe; 8% risk of failure)
Confirm with . or Enter, or press ? or * to list all spells.
Aiming: Lightning Bolt (safe; 8% risk of failure)
Press: ? - help, Shift-Dir - straight line, f/p - skeletal warrior
Aim: a skeletal warrior, wielding a halberd of flaming (black smoke, severely damaged)
You hear a mighty clap of thunder!
The bolt of lightning misses the skeletal warrior.
Sif Muna grants you divine energy.
You briefly lose access to your magic!
A naga skeleton comes into view.
You regain access to your magic.
Casting: Lightning Bolt (safe; 8% risk of failure)
Confirm with . or Enter, or press ? or * to list all spells.
Aiming: Lightning Bolt (safe; 8% risk of failure)
Press: ? - help, Shift-Dir - straight line, f/p - skeletal warrior
Aim: a skeletal warrior, wielding a halberd of flaming (black smoke, heavily damaged)
You hear a mighty clap of thunder!
The bolt of lightning hits the skeletal warrior.
The skeletal warrior is severely damaged.
Sif Muna grants you divine energy.
You briefly lose access to your magic!
You regain access to your magic.
Casting: Lightning Bolt (safe; 8% risk of failure)
Confirm with . or Enter, or press ? or * to list all spells.
Aiming: Lightning Bolt (safe; 8% risk of failure)
Press: ? - help, Shift-Dir - straight line, f/p - skeletal warrior
Aim: a skeletal warrior, wielding a halberd of flaming (heavily damaged)
Okay, then.
Casting: Lightning Bolt (safe; 8% risk of failure)
Confirm with . or Enter, or press ? or * to list all spells.
Aiming: Lightning Bolt (safe; 8% risk of failure)
Press: ? - help, Shift-Dir - straight line, p - skeletal warrior You can't see that place.
Okay, then.
The skeletal warrior barely misses you.
Casting: Lightning Bolt (safe; 8% risk of failure)
Confirm with . or Enter, or press ? or * to list all spells.
Aiming: Lightning Bolt (safe; 8% risk of failure)
Press: ? - help, Shift-Dir - straight line, p - skeletal warrior You hear a mighty clap of thunder!
The bolt of lightning misses the skeletal warrior.
The bolt of lightning hits the skeletal warrior.
The skeletal warrior is severely damaged.
Sif Muna grants you divine energy.
You briefly lose access to your magic!
The air gets thick with the scent of sulphur.
The skeletal warrior hits you with a halberd of flaming!!
* * * LOW HITPOINT WARNING * * *
The skeletal warrior burns you.
* * * LOW HITPOINT WARNING * * *
The skeletal warrior completely misses you.
Okay, then.
Really quaff
h - 12 potions of curing {!q}?
You feel better.
In the distance, the volcano erupts with a roar.
You are engulfed in blazing flames.
You die...

##....#...§....... ###
###.........§§...... ..#
###........≈≈≈≈....... ∩.##
###........§≈≈≈≈≈§≈.....
...#######.......≈≈≈≈≈≈≈≈§§≈≈§§..
.....##......z§≈≈§≈≈§≈≈≈≈≈≈≈≈§...
.#)###.≈..§≈≈≈≈≈≈≈≈≈≈§≈≈≈§≈≈§§≈≈.
...'......§≈≈≈≈≈§§§§≈§≈≈≈≈§≈≈§≈≈≈
.#)###.≈§.ZZ≈§§§@§§§§§§§§≈§§§≈≈≈≈
.....##..§§≈§≈§≈§§§§§§§§§≈§≈≈≈§≈≈
...######≈≈§§§§§§§§§§§§§≈8§≈≈§§≈≈
#.## ##≈§§≈≈§§§§§§§8§≈ §§8§§§§
#.# ##§§§≈≈§§§§§§§§≈ #.###
##≈≈≈≈§§§§8§§§§ #...#
###≈§≈§§≈§§§§≈ #...# ##≈§§§§§§8§
#...# #§§§§§§


You could see a skeletal warrior.

Vanquished Creatures
  4 two-headed ogres
  A death yak (Lair:2)
  Nergalle (Lair:1)
  The ghost of Amnesiac the Zephyrmancer, a novice TeAE of Sif Muna (D:10)
  The ghost of sankara the Insei, a novice OpTm of Kikubaaqudgha (D:7)
  2 anaconda skeletons (Volcano)
  The ghost of crawlian the Arsonist, a novice DEFE of Sif Muna (D:9)
  5 elephants (Lair:2)
  A spiny frog (Lair:2)
  3 gargoyles (Volcano)
  A rime drake (Lair:2)
  A torpor snail (Lair:2)
  2 komodo dragons
  A troll (D:10)
  2 harpy skeletons (Volcano)
  4 hippogriffs
  3 flying skulls (Volcano)
  2 alligator skeletons (Volcano)
  The ghost of Amnesiac the Zephyrmancer, an amateur TeAE (D:3)
  2 wyverns (D:10)
  A steam dragon (D:8)
  22 yaks
  A human (D:10)
  A warg (D:9)
  An acid dragon (D:10)
  4 water moccasins
  5 porcupines
  An ice beast (D:10)
  3 orc warriors
  3 sky beasts
  2 ogres
  3 black bears
  4 centaurs
  5 crocodiles
  2 big kobolds
  6 bullfrogs
  2 scorpions
  4 killer bees (D:8)
  4 wights (D:8)
  A spriggan skeleton (Volcano)
  3 howler monkeys
  3 crimson imps
  A troll skeleton (Volcano)
  A bullfrog zombie (D:9)
  2 quasits
  2 jellies
  2 centaur zombies
  3 hounds
  6 orc priests
  16 orc wizards
  2 bullfrog skeletons
  A centaur skeleton (D:4)
  2 iguanas
  4 worker ants
  A killer bee zombie (D:9)
  3 hound zombies
  A hound skeleton (D:5)
  8 mummies (Ossuary)
  A howler monkey zombie (D:9)
  7 gnolls
  13 adders
  2 howler monkey skeletons
  2 shadow imps
  An ooze (D:4)
  An adder zombie (D:5)
  An adder skeleton (D:5)
  4 worms
  2 dart slugs (D:1)
  6 leopard geckos
  33 orcs
  7 bats
  7 giant cockroaches
  9 goblins
  6 hobgoblins
  4 jackals
  11 kobolds
  4 quokkas
  3 ball pythons
  4 frilled lizards
  2 gnoll zombies (Ossuary)
  A hobgoblin zombie (Ossuary)
  2 kobold zombies (Ossuary)
  3 orc zombies (Ossuary)
  A quokka skeleton (D:4)
  4 rats
316 creatures vanquished.

Notes
Turn   | Place    | Note
-------+----------+-------------------------------------------
     0 | D:1      | Amnesiac the Tengu Air Elementalist began the quest for the Orb.
     0 | D:1      | Reached XP level 1. HP: 10/10 MP: 4/4
   246 | D:1      | Reached XP level 2. HP: 15/15 MP: 0/6
   527 | D:1      | Reached skill level 5 in Air Magic
   565 | D:1      | Reached XP level 3. HP: 19/19 MP: 2/7
  1320 | D:2      | Found a faded altar of an unknown god.
  2124 | D:2      | Reached XP level 4. HP: 20/24 MP: 0/9
  2168 | D:2      | Learned a level 4 spell: Airstrike
  2230 | D:3      | Noticed Amnesiac's ghost (amateur TeAE)
  2393 | D:3      | Killed Amnesiac's ghost
  2393 | D:3      | Gained mutation: You can fly. [Tengu growth]
  2393 | D:3      | Reached XP level 5. HP: 17/28 MP: 0/11
  2393 | D:3      | Reached XP level 6. HP: 19/32 MP: 0/12
  2565 | D:3      | Found a shattered altar of Ashenzari.
  2636 | D:3      | Found a snail-covered altar of Cheibriados.
  3273 | D:4      | Found a white marble altar of Elyvilon.
  3302 | D:4      | Found a staircase to the Ecumenical Temple.
  3311 | Temple   | Entered the Ecumenical Temple
  3341 | Temple   | Became a worshipper of Sif Muna the Loreminder
  3660 | D:4      | Found a shadowy altar of Dithmenos.
  3721 | D:4      | Found a stormy altar of Qazlal.
  3723 | D:4      | Noticed an air elemental
  3725 | D:4      | Noticed a fire elemental
  3730 | D:4      | Noticed a water elemental
  3772 | D:4      | Reached XP level 7. HP: 36/36 MP: 8/14
  3845 | D:4      | Found a radiant altar of Vehumet.
  3904 | D:4      | Reached skill level 5 in Spellcasting
  3978 | D:4      | Learned a level 5 spell: Lightning Bolt
  3981 | D:4      | Learned a level 2 spell: Swiftness
  4435 | D:5      | Entered Level 5 of the Dungeon
  4838 | D:5      | Reached * piety under Sif Muna
  5198 | D:5      | Reached XP level 8. HP: 41/41 MP: 0/18
  5271 | D:5      | Found a basalt altar of Yredelemnul.
  5456 | D:5      | Identified Oqal's Volume of Flames and Talismans
  5854 | D:6      | Found a sacrificial altar of Ru.
  5959 | D:6      | Found a sand-covered staircase.
  5963 | Ossuary  | Entered an ossuary
  6744 | D:6      | Reached ** piety under Sif Muna
  7515 | D:7      | Reached XP level 9. HP: 45/45 MP: 12/22
  7546 | D:7      | Noticed sankara's ghost (novice OpTm)
  7600 | D:7      | Killed sankara's ghost
  7909 | D:7      | Reached *** piety under Sif Muna
  7912 | D:7      | Found Vaiggado's Distillery.
  7920 | D:7      | Bought a potion of heal wounds for 70 gold pieces
  7920 | D:7      | Bought a potion of curing for 42 gold pieces
  8125 | D:8      | Reached skill level 10 in Air Magic
  8293 | D:8      | Reached skill level 10 in Spellcasting
  8776 | D:8      | Noticed a two-headed ogre
  8790 | D:8      | Killed a two-headed ogre
  8790 | D:8      | Reached **** piety under Sif Muna
  8790 | D:8      | Reached XP level 10. HP: 50/50 MP: 3/25
  9633 | D:9      | Noticed a two-headed ogre
  9704 | D:9      | Killed a two-headed ogre
 10009 | D:9      | Noticed a two-headed ogre
 10034 | D:9      | Noticed crawlian's ghost (novice DEFE)
 10088 | D:8      | Killed a two-headed ogre
 10234 | D:9      | Reached ***** piety under Sif Muna
 10306 | D:10     | Entered Level 10 of the Dungeon
 10306 | D:10     | Noticed Amnesiac's ghost (novice TeAE)
 10534 | D:9      | Killed crawlian's ghost
 10534 | D:9      | Reached XP level 11. HP: 54/54 MP: 0/28
 10726 | D:9      | Found a staircase to the Orcish Mines.
 10788 | D:9      | Identified Sif Muna's Volume of Weightlessness and Evil Arts (Sif Muna gifted it to you on level 9 of the Dungeon)
 10788 | D:9      | Received a gift from Sif Muna
 10948 | D:9      | Learned a level 6 spell: Deflect Missiles
 11054 | D:9      | Learned a level 3 spell: Ozocubu's Armour
 11058 | D:9      | Learned a level 3 spell: Regeneration
 11416 | D:9      | Found a bloodstained altar of Trog.
 11466 | D:10     | Reached skill level 1 in Invocations
 11658 | D:10     | Noticed a two-headed ogre
 11685 | D:10     | Killed a two-headed ogre
 12132 | D:10     | Reached skill level 5 in Invocations
 12628 | D:10     | Killed Amnesiac's ghost
 12811 | D:10     | Found a staircase to the Lair.
 12906 | Lair:1   | Entered Level 1 of the Lair of Beasts
 13339 | Lair:1   | Noticed Nergalle
 13355 | Lair:1   | Killed Nergalle
 13585 | Lair:1   | Reached XP level 12. HP: 60/60 MP: 16/29
 13701 | Lair:1   | Got a shimmering platinum ring
 13785 | Lair:1   | Identified the ring "Peecer" {MR+ MP+9 Str+3 Slay+2 Stlth-} (You found it on level 1 of the Lair of Beasts)
 13846 | Lair:1   | You fall through a shaft!
 13848 | Lair:2   | Reached skill level 1 in Fighting
 14061 | Lair:2   | Noticed a death yak
 14171 | Lair:2   | Killed a death yak
 14171 | Lair:2   | Reached skill level 5 in Dodging
 14727 | Lair:2   | Reached skill level 5 in Fighting
 15433 | Lair:3   | Found a dark tunnel.
 15439 | Volcano  | Entered a volcano
 16043 | Volcano  | Engulfed by a cloud of flame

Vault maps used:
D:1:      minmay_arrival_stair_chambers, grunt_decor_arrowhead,
          serial_bayou_ford_a, hangedman_feature_mirror, st_stairs_3,
          minmay_misc_feat_ornament
D:2:      chequers_ecumenical_altar_simple, first_ration
D:3:      nicolae_overflow_hidden_temple, ashenzari_conservatory_becter
D:4:      minmay_diamond_boxcup, nicolae_qazlal_style_of_elements,
          grunt_dithmenos_smoke, kennysheep_mini, vehumet_crystals,
          minmay_temple_entry_mist
D:5:      yredelemnul_altar_generic
D:6:      nicolae_ru_awakened_eye, enter_ossuary_5
D:7:      serial_shops, shop_fountains
D:9:      lemuel_coloured_pillars_altar, david_orc_3
D:10:     erik_lair_dragon, grunt_pizzeria
Temple:   nicolae_temple_god_jail
Lair:1:   serial_bayou_pond_c, minivault_25, uniq_nergalle
Lair:2:   grunt_megastairs_3
Lair:3:   guppyfry_snake_entry_island, enter_volcano_2,
          minmay_stone_trees_large, minmay_lair_oklob_items,
          hangedman_lair_generics_rect, lemuel_fruit_tree, uniq_fannar
Ossuary:  ossuary_tomb_3
Volcano:  volcano_tomb

Skill      XL: |  1  2  3  4  5  6  7  8  9 10 11 12 |
---------------+-------------------------------------+-----
Air Magic      | 5 7 8 11 12 | 12.5
Spellcasting   | 3 4 6 8 10 12 | 12.5
Invocations    | 8 |  8.0
Fighting       | 6 |  6.9
Dodging        | 8 |  8.0
Stealth        | |  2.0
Conjurations   | |  1.3

Action                   |  1- 3 |  4- 6 |  7- 9 | 10-12 || total
-------------------------+-------+-------+-------+-------++-------
Melee: Unarmed           |     3 |     4 |       |       ||     7
       Peck              |     2 |     1 |       |     5 ||     8
       Staff             |       |       |    21 |    33 ||    54
       Kick              |       |       |     7 |     9 ||    16
 Cast: Shock             |    90 |    76 |    19 |       ||   185
       Airstrike         |       |    14 |   177 |   370 ||   561
       Deflect Missiles  |       |       |       |     1 ||     1
       Lightning Bolt    |       |       |       |    30 ||    30
Invok: Divine Energy     |       |       |     1 |       ||     1
 Abil: Fly               |       |       |       |     7 ||     7
  Use: Scroll            |     1 |       |    20 |     6 ||    27
       Potion            |       |       |     3 |     4 ||     7
  Eat: Chunk             |     5 |     6 |    15 |    15 ||    41
       Ration            |       |       |       |     3 ||     3
Armor: Robe              |     2 |     6 |     5 |       ||    13
       Steam dragon scal |       |       |       |    35 ||    35
       Skin              |       |       |       |    18 ||    18
Dodge: Dodged            |    12 |    27 |    29 |   116 ||   184
       Deflected         |       |       |       |     3 ||     3

Table legend:
 A = Spawn XP
 B = Non-spawn XP
 C = Spawn XP percentage of total XP
 D = Spawn monster count
 E = Non-spawn monster count
 F = Spawn count percentage of total count
 G = Total turns spent on level
                    A         B        C        D         E        F      G
               +---------+---------+-------+---------+---------+-------+---------
         Total |       0 |   30682 |   0.0 |       0 |     316 |   0.0 | 16043
               +---------+---------+-------+---------+---------+-------+---------
           D:1 |       0 |      39 |   0.0 |       0 |      18 |   0.0 |   904
           D:2 |       0 |      52 |   0.0 |       0 |      18 |   0.0 |  1400
           D:3 |       0 |     315 |   0.0 |       0 |      23 |   0.0 |   848
           D:4 |       0 |     508 |   0.0 |       0 |      21 |   0.0 |  1080
           D:5 |       0 |     561 |   0.0 |       0 |      30 |   0.0 |  1419
           D:6 |       0 |     606 |   0.0 |       0 |      18 |   0.0 |   773
           D:7 |       0 |    1046 |   0.0 |       0 |      10 |   0.0 |   696
           D:8 |       0 |    3670 |   0.0 |       0 |      32 |   0.0 |  1893
           D:9 |       0 |    3122 |   0.0 |       0 |      42 |   0.0 |  1519
          D:10 |       0 |    6136 |   0.0 |       0 |      34 |   0.0 |  1444
        Lair:1 |       0 |    2246 |   0.0 |       0 |       9 |   0.0 |  1161
        Lair:2 |       0 |    7779 |   0.0 |       0 |      27 |   0.0 |  1251
        Lair:3 |       0 |     531 |   0.0 |       0 |       4 |   0.0 |   121
       Ossuary |       0 |     153 |   0.0 |       0 |      16 |   0.0 |   727
       Volcano |       0 |    3918 |   0.0 |       0 |      14 |   0.0 |   604
               +---------+---------+-------+---------+---------+-------+---------
